 Dungeon Crawl Stone Soup version 0.29.1-15-g9cfb28693d (webtiles) character file.

Game seed: 11265058672973358959

1704 Renzlar the Shield-Bearer (level 9, 0/73 HPs)
             Began as a Gnoll Fighter on Mar 7, 2023.
             Slain by a gnoll
             ... wielding a +0 whip
             ... led by a gnoll sergeant
              (3 damage)
             ... on level 6 of the Dungeon.
             The game lasted 00:16:19 (5096 turns).

Renzlar the Shield-Bearer (Gnoll Fighter)           Turns: 5096, Time: 00:16:19

Health: 0/73       AC: 15    Str: 18    XL:     9   Next: 3%
Magic:  14/14      EV:  8    Int:  8    God:
Gold:   436        SH:  5    Dex: 10    Spells: 15/15 levels left

rFire   + + .      SeeInvis .   d - +6 rapier of the Shouting Sybil {flame, rPois rCorr Dex-3}
rCold   x . .      Faith    .   i - +0 buckler
rNeg    . . .      Spirit   .   u - +2 chain mail {rF+}
rPois   +          Reflect  .   r - +0 helmet
rElec   .          Harm     .   n - scarf {repulsion}
rCorr   +          Rampage  .   (no gloves)
Will    .....                   C - +0 pair of boots
Stlth   ..........              (no amulet)
HPRegen 0.22/turn               A - ring of Odwaonkymp {Fire rPois rCorr}
MPRegen 0.14/turn               (no ring)

@: repel missiles
A: fangs 1, strong nose, distributed training
a: no special abilities


You were on level 6 of the Dungeon.
You visited 2 branches of the dungeon, and saw 7 of its levels.

You collected 436 gold pieces.

Inventory:

Hand Weapons
 a - a +2 war axe
 c - a +0 sling
 d - the +6 rapier of the Shouting Sybil (weapon) {flame, rPois rCorr Dex-3}
   (You found it on level 4 of the Dungeon)

   It burns those it strikes, dealing additional fire damage.
   Dex:       It affects your dexterity (-3).
   rPois:     It protects you from poison.
   rCorr:     It protects you from acid and corrosion.
 m - a +0 morningstar
 w - a +1 dagger of electrocution
Missiles
 l - 2 poisoned darts
Armour
 b - a +0 scale mail
 i - a +0 buckler (worn)
 n - a scarf of repulsion (worn)
 r - a +0 helmet (worn)
 u - a +2 chain mail of fire resistance (worn)
 C - a +0 pair of boots (worn)
Jewellery
 f - a ring of protection from fire
 p - an amulet of magic regeneration
 y - a ring of ice
 A - the ring of Odwaonkymp (left hand) {Fire rPois rCorr}
   (You found it on level 5 of the Dungeon)

   [ring of fire]

   It enhances your fire magic.
   rF:        It protects you from fire.
   rC:        It makes you vulnerable to cold.
   rPois:     It protects you from poison.
   rCorr:     It protects you from acid and corrosion.
 B - a ring of wizardry
Wands
 s - a wand of paralysis (5) (quivered)
 x - a wand of roots (10)
Potions
 e - 4 potions of flight
 g - a potion of haste {unknown}
 h - a potion of heal wounds {unknown}
 j - a potion of cancellation {unknown}
 k - a potion of resistance {unknown}
 o - a potion of mutation {unknown}
 q - 4 potions of curing
 t - 4 potions of lignification {unknown}
 v - a potion of ambrosia {unknown}
 z - a potion of invisibility {unknown}


   Skills:
 + Level 7.7 Fighting
 + Level 3.9 Short Blades
 + Level 3.9 Long Blades
 + Level 6.1 Axes
 + Level 3.9 Maces & Flails
 + Level 3.9 Polearms
 + Level 3.9 Staves
 + Level 3.9 Ranged Weapons
 + Level 3.9 Throwing
 + Level 7.7 Armour
 + Level 3.9 Dodging
 + Level 3.9 Stealth
 + Level 7.7 Shields
 + Level 3.9 Unarmed Combat
 + Level 3.9 Spellcasting
 + Level 3.2 Conjurations
 + Level 3.2 Hexes
 + Level 3.2 Summonings
 + Level 3.2 Necromancy
 + Level 3.2 Translocations
 + Level 3.2 Transmutations
 + Level 3.2 Fire Magic
 + Level 3.2 Ice Magic
 + Level 3.2 Air Magic
 + Level 3.2 Earth Magic
 + Level 3.2 Poison Magic
 + Level 4.3 Invocations
 + Level 3.9 Evocations


You had 15 spell levels left.
You didn't know any spells.
Your spell library contained the following spells:

 Spells                   Type           Power      Damage    Failure   Level
 Sting                    Tmut/Pois      24%        1d4       67%         1
 Ensorcelled Hibernation  Hex/Ice        12%        N/A       82%         2
 Poisonous Vapours        Pois/Air       12%        N/A       82%         2
 Spider Form              Tmut/Pois      6%         N/A       96%         3
 Anguish                  Hex/Necr       3%         N/A       100%        4
 Olgreb's Toxic Radiance  Pois           6%         N/A       100%        4
 Chain Lightning          Conj/Air       3%         3d4       100%        9
 Fire Storm               Conj/Fire      5%         8d1       100%        9
 Shatter                  Erth           3%         3d7*      100%        9


Dungeon Overview and Level Annotations

Branches:
Dungeon (6/15)             Temple (1/1) D:4

Altars:
Cheibriados
Fedhas
Nemelex Xobeh
Qazlal
Uskayaw
Wu Jian
Xom
Zin


Innate Abilities, Weirdness & Mutations

You have very sharp teeth.
Your uncanny sense of smell can sniff out nearby items.
Your experience applies equally to all skills.


Message History

You see here an iguana corpse.
You barely miss the gnoll. You block the gnoll sergeant's attack.
The gnoll hits you but does no damage. You block the gnoll's attack.
You hit the gnoll. You burn the gnoll. Your bite misses the gnoll.
The gnoll is moderately wounded.
You block the gnoll sergeant's attack.
The gnoll hits you but does no damage. x2
You hit the gnoll. You burn the gnoll.
The gnoll is severely wounded.
The gnoll sergeant hits you but does no damage.
The gnoll hits you but does no damage. x2
You hit the gnoll. You burn the gnoll.
You kill the gnoll!
The gnoll sergeant barely misses you. You block the gnoll's attack.
A gnoll comes into view. It is wielding a +0 whip.
The gnoll shouts!
The gnoll sergeant closely misses you.
The gnoll moves out of view.
You see here a +0 halberd.
You puncture the gnoll sergeant! You burn the gnoll sergeant.
The gnoll sergeant is heavily wounded.
The gnoll sergeant hits you but does no damage.
The gnoll hits you but does no damage. x2
The gnoll sergeant blocks your attack.
The gnoll sergeant is heavily wounded.
The gnoll sergeant hits you with a +0 spear!
* * * LOW HITPOINT WARNING * * *
The gnoll hits you but does no damage.
Unknown command.
The gnoll sergeant blocks your attack.
The gnoll sergeant is heavily wounded.
The gnoll hits you but does no damage.
The gnoll sergeant hits you with a +0 spear.
* * * LOW HITPOINT WARNING * * *
The gnoll hits you with a +0 whip.
* * * LOW HITPOINT WARNING * * *
Okay, then.
You barely miss the gnoll sergeant.
The gnoll sergeant is heavily wounded.
The gnoll barely misses you. The gnoll sergeant closely misses you.
The gnoll hits you with a +0 whip.
You die...

#.###.......# #.
∆ #.#
#..#...#####. #.#
#..###.......
#.####...###..###
#........###..###
#..###...........
#..# ####.###.###
#####..## #.# #.#
#gg†@g..# #.# #.#
#z###g..# #.# #.#
#. #...# #.# #.#
#g #...# #.# #.#
.. ...... ..# #..
#. ....... ###
### #. ....###.
#. g.....


You could see a gnoll sergeant, a wight and 3 gnolls.

Vanquished Creatures
  Prince Ribbit (D:6)
  A hornet (D:4)
  An ice beast (D:5)
  An ogre (D:6)
  A phantom (D:4)
  Blork the orc (D:4)
  2 necrophages
  4 scorpions
  A wight (D:6)
  A howler monkey (D:5)
  A jelly (D:5)
  An orc priest (D:3)
  5 hounds
  2 iguanas
  2 orc wizards (D:4)
  Robin (D:3)
  2 gnolls (D:6)
  11 adders
  3 worms
  3 dart slugs
  12 orcs
  8 ball pythons
  8 endoplasms
  2 giant cockroaches
  16 goblins
  9 hobgoblins
  4 jackals (D:4)
  8 kobolds
  8 bats
  2 frilled lizards
  3 rats
125 creatures vanquished.

Vanquished Creatures (others)
  A fungus (D:5)
1 creature vanquished.

Grand Total: 126 creatures vanquished

Notes
Turn   | Place    | Note
-------+----------+-------------------------------------------
     0 | D:1      | Renzlar the Gnoll Fighter began the quest for the Orb.
     0 | D:1      | Reached XP level 1. HP: 23/23 MP: 1/1
   122 | D:1      | Found a faded altar of an unknown god.
   167 | D:1      | Reached XP level 2. HP: 28/29 MP: 2/2
   730 | D:2      | Reached XP level 3. HP: 35/35 MP: 3/3
   953 | D:2      | Reached skill level 1 in Invocations
  1002 | D:2      | Reached skill level 1 in Short Blades
  1002 | D:2      | Reached skill level 1 in Long Blades
  1002 | D:2      | Reached skill level 1 in Maces & Flails
  1002 | D:2      | Reached skill level 1 in Polearms
  1002 | D:2      | Reached skill level 1 in Staves
  1002 | D:2      | Reached skill level 1 in Ranged Weapons
  1002 | D:2      | Reached skill level 1 in Throwing
  1002 | D:2      | Reached skill level 1 in Dodging
  1002 | D:2      | Reached skill level 1 in Stealth
  1002 | D:2      | Reached skill level 1 in Unarmed Combat
  1002 | D:2      | Reached skill level 1 in Spellcasting
  1002 | D:2      | Reached skill level 1 in Evocations
  1120 | D:2      | Reached XP level 4. HP: 34/41 MP: 5/5
  1224 | D:2      | You fall into a shaft and drop 2 floors!
  1238 | D:4      | Noticed a necrophage
  1252 | D:4      | Killed a necrophage
  1253 | D:4      | Reached skill level 1 in Conjurations
  1253 | D:4      | Reached skill level 1 in Hexes
  1253 | D:4      | Reached skill level 1 in Summonings
  1253 | D:4      | Reached skill level 1 in Necromancy
  1253 | D:4      | Reached skill level 1 in Translocations
  1253 | D:4      | Reached skill level 1 in Transmutations
  1253 | D:4      | Reached skill level 1 in Fire Magic
  1253 | D:4      | Reached skill level 1 in Ice Magic
  1253 | D:4      | Reached skill level 1 in Air Magic
  1253 | D:4      | Reached skill level 1 in Earth Magic
  1253 | D:4      | Reached skill level 1 in Poison Magic
  1253 | D:4      | Reached XP level 5. HP: 47/47 MP: 5/7
  1954 | D:3      | Noticed Robin
  1959 | D:3      | Killed Robin
  2430 | D:3      | Identified the +1 leather armour of Thoughtfulness {Str+4}
  2837 | D:4      | Found a staircase to the Ecumenical Temple.
  2842 | D:4      | Reached XP level 6. HP: 53/53 MP: 8/8
  2851 | Temple   | Entered the Ecumenical Temple
  3038 | D:4      | Reached skill level 5 in Axes
  3285 | D:4      | Noticed Blork the orc
  3299 | D:4      | Reached XP level 7. HP: 49/60 MP: 10/10
  3302 | D:4      | Killed Blork the orc
  3612 | D:4      | Noticed a hornet
  3703 | D:4      | Killed a hornet
  3709 | D:4      | Identified the +6 rapier of the Shouting Sybil {flame,
                  | rPois rCorr Dex-3}
  3918 | D:5      | Entered Level 5 of the Dungeon
  3936 | D:5      | Identified the ring of Odwaonkymp {Fire rPois rCorr}
  4014 | D:5      | Found a blossoming altar of Fedhas.
  4129 | D:5      | Reached XP level 8. HP: 53/67 MP: 12/12
  4862 | D:6      | Noticed Prince Ribbit
  4878 | D:6      | Killed Prince Ribbit
  5086 | D:6      | Reached XP level 9. HP: 18/73 MP: 14/14
  5095 | D:6      | HP: 3/73 [gnoll/+0 whip[a gnoll sergeant] (3)]
  5096 | D:6      | Slain by a gnoll

Illustrated notes

Levels and vault maps discovered:
D:1:      dpeg_arrival_tiny_g, layout_rooms, basic_ecumenical_altar,
          nicolae_figureground_pulse
D:2:      layout_basic
D:3:      layout_loops_cross, chequers_serial_rivers_small_b, uniq_robin
D:4:      minmay_clustersquares, layout_basic, minmay_temple_entry_wispy,
          hangedman_decor_diamond_cutter, uniq_blork_the_orc
D:5:      minmay_angry_zag, layout_loops_cross, fedhas_altar_3, serial_glass,
          glass_columns_b, glass_columns_a, glass_columns_a, glass_columns_b,
          glass_columns_a, glass_columns_a, glass_columns_b, glass_columns_a
D:6:      layout_loops_ring, minmay_overflow_temple_star_hex,
          uniq_prince_ribbit1
Temple:   nicolae_temple_superstar

Skill      XL: |  1  2  3  4  5  6  7  8 |
---------------+-------------------------+-----
Invocations    | 1 2 3 4 |  4.3
Short Blades   | 1 2 3 |  3.9
Long Blades    | 1 2 3 |  3.9
Maces & Flails | 1 2 3 |  3.9
Polearms       | 1 2 3 |  3.9
Staves         | 1 2 3 |  3.9
Ranged Weapons | 1 2 3 |  3.9
Throwing       | 1 2 3 |  3.9
Dodging        | 1 2 3 |  3.9
Stealth        | 1 2 3 |  3.9
Unarmed Combat | 1 2 3 |  3.9
Spellcasting   | 1 2 3 |  3.9
Evocations     | 1 2 3 |  3.9
Conjurations   | 1 2 3 |  3.2
Hexes          | 1 2 3 |  3.2
Summonings     | 1 2 3 |  3.2
Necromancy     | 1 2 3 |  3.2
Translocations | 1 2 3 |  3.2
Transmutations | 1 2 3 |  3.2
Fire Magic     | 1 2 3 |  3.2
Ice Magic      | 1 2 3 |  3.2
Air Magic      | 1 2 3 |  3.2
Earth Magic    | 1 2 3 |  3.2
Poison Magic   | 1 2 3 |  3.2
Axes           | 5 6 |  6.1
Fighting       | 7 |  7.7
Armour         | 7 |  7.7
Shields        | 7 |  7.7

Action                   |  1- 3 |  4- 6 |  7- 9 || total
-------------------------+-------+-------+-------++-------
Melee: War axe           |    84 |   130 |    87 ||   301
       Bite              |     5 |    11 |    16 ||    32
       Rapier            |       |       |    58 ||    58
 Fire: Sling             |       |    31 |    37 ||    68
Throw: Dart              |       |       |     3 ||     3
Evoke: Wand              |       |       |     2 ||     2
  Use: Scroll            |     4 |     7 |     2 ||    13
       Potion            |       |       |     1 ||     1
Armor: Scale mail        |    10 |       |       ||    10
       Chain mail        |    31 |    69 |    95 ||   195
Dodge: Dodged            |    26 |    38 |    63 ||   127
Block: Buckler           |    25 |    33 |    36 ||    94
